 Dungeon Crawl Stone Soup version 0.31-a0-795-g5eb97db20b (webtiles) character file.

Game seed: 6067791960660551567

88 cforsyth the Sneak (level 4, -3/37 HPs)
             Began as a Djinni Delver on Sept 18, 2023.
             Was an Initiate of Hepliaklqana.
             Slain by Crazy Yiuf
             ... wielding a +4 quarterstaff of chaos
              (11 damage)
             ... on level 3 of the Dungeon.
             The game lasted 00:04:30 (1484 turns).

cforsyth the Sneak (Djinni Delver)                  Turns: 1484, Time: 00:04:31

Health: -3/37      AC:  7    Str: 11    XL:     4   Next: 82%
Gold:   99         EV: 12    Int: 14    God:    Hepliaklqana [......] SH:  0 Dex: 14

rFire   + + .        k - +8 long sword of Yredelemnul, Howling {heavy, Contam rElec rC+}
rCold   . . .        (no shield)
rNeg    . . .        b - +0 leather armour
rPois   ∞            l - +0 helmet
rElec   +            (no cloak)
rCorr   .            e - +2 pair of gloves
SInv    .            (boots unavailable)
Will    .....        (no amulet)
Stlth   ++           (no ring)
HPRegen 0.26/turn    (no ring)
MPRegen 0.00/turn

%: infuse magic (-4 HP)
@: flying, hasted, very quick
A: sickness immunity, fire resistance 2, cold vulnerability 1, float, innate
caster, HP casting, extra vitality 1
a: Renounce Religion


You were on level 3 of the Dungeon.
You worshipped Hepliaklqana.
Hepliaklqana was noncommittal.
You visited 2 branches of the dungeon, and saw 4 of its levels.

You collected 99 gold pieces.

Inventory:

Hand Weapons
 a - a +0 falchion
 k - the +8 long sword of Yredelemnul, Howling (weapon) {heavy, Contam rElec rC+}
   (You found it on level 5 of the Dungeon)

   rC+:       It protects you from cold.
   rElec:     It insulates you from electricity.
   Contam:    It causes magical contamination when unequipped.
Missiles
 m - a throwing net
Armour
 b - a +0 leather armour (worn)
 e - a +2 pair of gloves (worn)
 i - the +0 robe "Fuphuin" {Harm rC++ Will- rCorr}
   (You found it on level 5 of the Dungeon)

   rC++:      It greatly protects you from cold.
   Will-:     It decreases your willpower.
   rCorr:     It protects you from acid and corrosion.
   Harm:      It increases damage dealt and taken.
 l - a +0 helmet (worn)
Jewellery
 n - a +6 ring of strength
Wands
 g - a wand of digging (3)
 j - a wand of roots (10) (quivered)
Scrolls
 c - a scroll of fog
 d - a scroll of revelation
 h - a scroll of teleportation {unknown}
 o - a scroll of blinking {unknown}
 p - a scroll of brand weapon {unknown}
 q - a scroll of acquirement {unknown}


   Skills:
 + Level 4.0 Fighting
 + Level 2.4 Long Blades
 - Level 2.1 Dodging
 - Level 4.1 Stealth
 + Level 1.5 Spellcasting
 + Level 1.5 Conjurations
 + Level 1.5 Hexes
   Level 0.0 Charms
 + Level 1.5 Summonings
 + Level 1.5 Necromancy
 + Level 1.5 Translocations
 + Level 1.5 Transmutations
 + Level 1.5 Fire Magic
 + Level 1.5 Ice Magic
 + Level 1.5 Air Magic
 + Level 1.5 Earth Magic
 + Level 1.5 Poison Magic


You knew the following spells:

 Your Spells              Type           Power      Damage    Failure   Level
a - Foxfire               Conj/Fire      20%        2x1d5     19%         1
Your spell library was empty.

Dungeon Overview and Level Annotations

Branches:
Dungeon (5/15)             Temple (1/1) D:5

Altars:
Fedhas
Gozag
Hepliaklqana
Nemelex Xobeh
Ru
Uskayaw
Xom
Zin
Lugonu

Shops:
D:5 (

Annotations:
D:3 Crazy Yiuf


Innate Abilities, Weirdness & Mutations

You are immune to sickness and miasma.
You are immune to poison.
Your flesh is very heat resistant. (rF++)
You are vulnerable to cold. (rC-)
You float through the air rather than walking.
You learn spells naturally, not from books.
Your magical power is your life essence.
You have superior vitality. (+4 MHP)


Message History

A kobold comes into view.
It is wielding a +0 club and quivering poisoned darts.
The helpless kobold fails to defend itself.
You slash the kobold!
You kill the kobold!
No target in view!
No target in view!
No target in view!
A rat comes into view.
Things that are here:
a +0 club; 8 poisoned darts A rat is nearby!
A rat is nearby!
Found an escape hatch in the floor.
You slice the rat!!
You kill the rat!
No target in view!
No target in view!
No target in view!
No target in view!
You see here a rat corpse.
There is an escape hatch in the floor here.
You see here a +0 whip.
Crazy Yiuf shouts!
Crazy Yiuf laughs, "Seed infinity down!"
Could not explore, unopened runed door.
Could not explore, unopened runed door.
Okay, then.
Unknown command.
You reach down and open the door.
You slash Crazy Yiuf!
Crazy Yiuf is heavily wounded.
Crazy Yiuf laughs, "Snower wrapper spinner!"
Crazy Yiuf hits you with a +4 quarterstaff of chaos!
Space warps horribly around you!
Crazy Yiuf hits you with a +4 quarterstaff of chaos!
* * * LOW HITPOINT WARNING * * *
Okay, then.
You feel yourself speed up.
Crazy Yiuf hits you with a +4 quarterstaff of chaos!
You die...

..........# <########.# .# #.# .#
#####.## ##### .####.#....# #..)#
....<...#.## #...# ###..)....##
... ##.........# #g# #####
#...)......# ♣♣@♣ #...#
.#.........# ♣.♣♣ ###.#
.##........# ♣♣.♣ #.# ##
.......##..# ♣.♣♣ #.# #.
......####.# ♣♣.♣♣ ###.#######.
.##..## ##.# ♣...♣♣ #...........
.##..# ##..# ♣....♣ ###.#####.##
.##..###...# #....# ###.# #.#
###..##....###....####...#####.##


You could see Crazy Yiuf.

Vanquished Creatures
  Jessica (D:3)
  2 adders
  A worm (D:3)
  A dart slug (D:3)
  8 orcs
  A ball python (D:3)
  2 endoplasms (D:3)
  2 giant cockroaches (D:3)
  3 goblins
  A hobgoblin (D:3)
  3 kobolds (D:3)
  A quokka (D:3)
  A frilled lizard (D:3)
  4 rats (D:3)
31 creatures vanquished.

Notes
Turn   | Place    | Note
-------+----------+-------------------------------------------
     0 | D:5      | cforsyth the Djinni Delver began the quest for the Orb.
     0 | D:5      | Reached XP level 1. HP: 20/20 MP: 0/0
    65 | D:5      | Noticed an orc priest
   111 | D:5      | Noticed a sleepcap
   117 | D:5      | Identified the +8 long sword of Yredelemnul, Howling
                  | {heavy, Contam rElec rC+}
   121 | D:5      | Found a staircase to the Ecumenical Temple.
   180 | D:4      | Noticed an orc priest
   209 | D:4      | Noticed an orc wizard
   232 | D:4      | Reached XP level 2. HP: 13/25 MP: 0/0
   516 | D:5      | Found Ytanal's Antique Weapon Boutique.
   543 | D:5      | Identified the +0 robe "Fuphuin" {Harm rC++ Will- rCorr}
   569 | Temple   | Entered the Ecumenical Temple
   585 | Temple   | Became a worshipper of Hepliaklqana the Forgotten
   642 | D:5      | Reached skill level 1 in Spellcasting
   642 | D:5      | Reached skill level 1 in Conjurations
   642 | D:5      | Reached skill level 1 in Hexes
   642 | D:5      | Reached skill level 1 in Summonings
   642 | D:5      | Reached skill level 1 in Necromancy
   642 | D:5      | Reached skill level 1 in Translocations
   642 | D:5      | Reached skill level 1 in Transmutations
   642 | D:5      | Reached skill level 1 in Fire Magic
   642 | D:5      | Reached skill level 1 in Ice Magic
   642 | D:5      | Reached skill level 1 in Air Magic
   642 | D:5      | Reached skill level 1 in Earth Magic
   642 | D:5      | Reached skill level 1 in Poison Magic
   677 | D:3      | Reached XP level 3. HP: 30/30 MP: 0/0
   677 | D:3      | Learned a level 1 spell: Foxfire
   749 | D:3      | Found a sacrificial altar of Ru.
   973 | D:3      | Reached XP level 4. HP: 32/37 MP: 0/0
  1233 | D:3      | Noticed Jessica
  1239 | D:3      | Killed Jessica
  1269 | D:3      | Found a runed translucent door.
  1270 | D:3      | Noticed Crazy Yiuf
  1484 | D:3      | Slain by Crazy Yiuf

Illustrated notes

Levels and vault maps discovered:
D:3:      layout_loops_ring, lemuel_round_altar, uniq_jessica,
          uniq_crazy_yiuf_cottage
D:4:      layout_loops_corners
D:5:      layout_basic, minmay_temple_entry_sparse_star, serial_shops, shop
Temple:   corrupted_temple

Skill      XL: |  1  2  3  4 |
---------------+-------------+-----
Spellcasting   | 1 |  1.5
Conjurations   | 1 |  1.5
Hexes          | 1 |  1.5
Summonings     | 1 |  1.5
Necromancy     | 1 |  1.5
Translocations | 1 |  1.5
Transmutations | 1 |  1.5
Fire Magic     | 1 |  1.5
Ice Magic      | 1 |  1.5
Air Magic      | 1 |  1.5
Earth Magic    | 1 |  1.5
Poison Magic   | 1 |  1.5
Long Blades    | 2 |  2.4
Fighting       | 4 |  4.0
Dodging        | |  2.1
Stealth        | |  4.1

Action                     |  1- 3 |  4- 6 || total
---------------------------+-------+-------++-------
  Melee: Falchion          |    25 |       ||    25
         Long sword        |    23 |    21 ||    44
         Punch             |     1 |       ||     1
    Use: Scroll            |     2 |       ||     2
         Potion            |       |     1 ||     1
   Stab: Fleeing           |     1 |       ||     1
         Sleeping          |     3 |     4 ||     7
 Armour: Leather armour    |    26 |    12 ||    38
  Dodge: Dodged            |    34 |    11 ||    45

Table legend: (Time is in decaauts)
 A = Elapsed time spent in this place.
 B = Non-inter-level travel time spent in this place.
 C = Inter-level travel time spent in this place.
 D = Time resting spent in this place.
 E = Time spent auto-exploring this place.
 F = Levels seen in this place.
 G = Mean time per level.
                   A        B        C        D        E       F      G
               +--------+--------+--------+--------+--------+-----+--------+
         Total |   1530 |   1513 |     17 |     66 |    782 |   4 |  382.5 |
       Dungeon |   1497 |   1496 |      1 |     66 |    782 |   3 |  499.0 |
        Temple |     32 |     16 |     16 |      0 |      0 |   1 |   32.0 |
               +--------+--------+--------+--------+--------+-----+--------+

Top non-repeatable levels by time:
     D:3: 861 daAuts
     D:4: 387 daAuts
     D:5: 249 daAuts
  Temple: 32 daAuts
